 Dungeon Crawl Stone Soup version 0.23-a0-41-g8b50da7 (webtiles) character file.

227 topirishpotato the Cudgeler (level 6, -2/38 HPs)
             Began as a Gargoyle Monk on Aug 5, 2018.
             Slain by an orc priest
             ... wielding a +0 hand axe
              (4 damage)
             ... on level 4 of the Dungeon.
             The game lasted 00:07:08 (3263 turns).

topirishpotato the Cudgeler (Gargoyle Monk)         Turns: 3263, Time: 00:07:08

Health: -2/38      AC:  7    Str: 16    XL:     6   Next: 2%
Magic:  6/6        EV: 13    Int: 11    God:
Gold:   103        SH:  0    Dex: 12    Spells: 5/5 levels left

rFire    . . .     SeeInvis .   a - +0 mace
rCold    + . .     Gourm    .   (no shield)
rNeg     + . .     Faith    .   k - +0 leather armour
rPois    ∞         Spirit   .   (no helmet)
rElec    +         Reflect  .   (no cloak)
rCorr    .         Harm     .   (no gloves)
MR       .....                  (no boots)
Stlth    ++........             (no amulet)
HPRegen  0.12/turn              f - ring of protection from cold
MPRegen  0.10/turn              (no ring)

@: no status effects
A: negative energy resistance 1, electricity resistance, unbreathing,
petrification resistance, rot immunity, AC +4
a: no special abilities


You were on level 4 of the Dungeon.
You were hungry.

You visited 1 branch of the dungeon, and saw 4 of its levels.

You collected 103 gold pieces.

Inventory:

Hand Weapons
 a - a +0 mace (weapon)
Missiles
 m - 42 stones (quivered)
Armour
 b - a +1 robe
 k - a +0 leather armour (worn)
Jewellery
 f - a ring of protection from cold (left hand)
Scrolls
 d - a scroll of amnesia
 e - 2 scrolls of identify
Potions
 g - a potion of curing {unknown}
 h - 2 potions of degeneration
 i - a potion of brilliance
 n - a potion of lignification {unknown}
Comestibles
 c - 5 rations
 j - a chunk of flesh


   Skills:
 + Level 4.3 Fighting
 + Level 4.8 Maces & Flails
 * Level 0.3 Armour
 + Level 3.4 Dodging
 + Level 3.0 Stealth


You had 5 spell levels left.
You didn't know any spells.
Your spell library was empty.

Dungeon Overview and Level Annotations

Branches:
Dungeon (4/15)
 Temple: D:4-7

Altars:
Fedhas
Okawaru
The Shining One


Innate Abilities, Weirdness & Mutations

You are resistant to torment.
Your stone body is resilient. (AC +4)
You are immune to poison.
You resist negative energy. (rN+)
You are resistant to electric shocks. (rElec)
You can survive without breathing.
You are immune to petrification.
You are immune to rotting.


Message History

You hit the orc priest.
The orc priest is severely wounded.
The orc priest closely misses you.
You barely miss the orc priest.
The orc priest is severely wounded.
The orc priest misses you.
You closely miss the orc priest.
The orc priest is severely wounded.
The orc priest calls down the wrath of Beogh upon you.
Pain shoots through your body!
You barely miss the orc priest.
The orc priest is severely wounded.
The orc priest invokes the aid of Beogh against you.
Beogh smites you!
* * * LOW HITPOINT WARNING * * *
You hit the orc priest but do no damage.
The orc priest is severely wounded.
The orc priest closely misses you.
The orc priest hits you with a hand axe.
You die...

#.#.. #.#># #.#.#
##.#.#
####....#####.#
#...<.........# #
#.##....####### #.#
#
####.##########...#
#.........@o..#
#############.#


You could see an orc priest.

Vanquished Creatures
  A hound (D:3)
  An orc wizard (D:4)
  Terence (D:2)
  2 adders
  3 gnolls (D:3)
  An ooze (D:2)
  A worm (D:3)
  A dart slug (D:1)
  3 leopard geckos
  9 orcs
  4 ball pythons
  3 giant cockroaches
  7 goblins
  7 hobgoblins
  3 jackals (D:2)
  10 kobolds
  9 bats
  2 frilled lizards
  9 rats
77 creatures vanquished.

Notes
Turn   | Place    | Note
-------+----------+-------------------------------------------
     0 | D:1      | topirishpotato the Gargoyle Monk began the quest for the Orb.
     0 | D:1      | Reached XP level 1. HP: 14/14 MP: 1/1
   203 | D:1      | Reached XP level 2. HP: 19/19 MP: 2/2
   479 | D:1      | Reached XP level 3. HP: 20/24 MP: 3/3
   853 | D:2      | Found a glowing golden altar of the Shining One.
  1100 | D:2      | Reached XP level 4. HP: 17/29 MP: 4/4
  1918 | D:2      | Noticed Terence
  1935 | D:2      | Killed Terence
  2027 | D:2      | Found a blossoming altar of Fedhas.
  2123 | D:3      | Reached XP level 5. HP: 29/33 MP: 5/5
  2951 | D:3      | Found an iron altar of Okawaru.
  3253 | D:4      | Reached XP level 6. HP: 23/38 MP: 6/6
  3263 | D:4      | Slain by an orc priest

Vault maps used:
D:1:      dpeg_arrival_short_road, minmay_close_crescents
D:2:      lemuel_crystal_altar, lemuel_round_altar, first_ration, uniq_terence
D:3:      kennysheep_okawaru_gauntlet
D:4:      minmay_misc_feat_four_crosses, sigmund_army, uniq_ijyb, uniq_duvessa

Skill      XL: |  1  2  3  4  5 |
---------------+----------------+-----
Maces & Flails | 4 |  4.8
Dodging        | 3 |  3.4
Fighting       | 4 |  4.3
Stealth        | 3 |  3.0
Armour         | |  0.3

Action                   |  1- 3 |  4- 6 || total
-------------------------+-------+-------++-------
Melee: Mace              |   114 |   177 ||   291
  Use: Scroll            |       |     7 ||     7
 Stab: Sleeping          |     2 |     1 ||     3
  Eat: Ration            |       |     1 ||     1
       Chunk             |       |     4 ||     4
Armor: Robe              |    56 |    62 ||   118
       Leather armour    |       |     5 ||     5
Dodge: Dodged            |   110 |   172 ||   282

Table legend:
 A = Spawn XP
 B = Non-spawn XP
 C = Spawn XP percentage of total XP
 D = Spawn monster count
 E = Non-spawn monster count
 F = Spawn count percentage of total count
 G = Total turns spent on level
                    A         B        C        D         E        F      G
               +---------+---------+-------+---------+---------+-------+---------
         Total |       0 |     325 |   0.0 |       0 |      77 |   0.0 |  3263
               +---------+---------+-------+---------+---------+-------+---------
           D:1 |       0 |      42 |   0.0 |       0 |      27 |   0.0 |   745
           D:2 |       0 |      96 |   0.0 |       0 |      23 |   0.0 |  1346
           D:3 |       0 |     142 |   0.0 |       0 |      24 |   0.0 |  1137
           D:4 |       0 |      45 |   0.0 |       0 |       3 |   0.0 |    35
               +---------+---------+-------+---------+---------+-------+---------
